 Dungeon Crawl Stone Soup version 0.29.1-15-g9cfb28693d (webtiles) character file.

Game seed: 2501995408326182168

19 hawla the Firebug (level 3, -3/26 HPs)
             Began as a Meteoran Fire Elementalist on Apr 4, 2023.
             Killed from afar by an orc wizard (4 damage)
             ... with a magic dart
             ... on level 4 of the Dungeon.
             The game lasted 00:01:39 (256 turns).

hawla the Firebug (Meteoran Fire Elementalist)       Turns: 256, Time: 00:01:39

Health: -3/26      AC:  2    Str:  9    XL:     3   Next: 11%
Magic:  6/8        EV: 12    Int: 19    God:
Gold:   8          SH:  0    Dex: 14    Spells: 5/8 levels left

rFire   . . .      SeeInvis .   b - staff of death
rCold   . . .      Faith    .   (no shield)
rNeg    + . .      Spirit   .   a - +0 robe
rPois   .          Reflect  .   (no helmet)
rElec   .          Harm     .   (no cloak)
rCorr   .          Rampage  .   (no gloves)
Will    .....                   (no boots)
Stlth   +.........              (no amulet)
HPRegen 0.08/turn               (no ring)
MPRegen 0.11/turn               (no ring)

@: glowing
A: sense surroundings 1, otherworldly, glowing, explore regen
a: no special abilities


You were on level 4 of the Dungeon.
You visited 1 branch of the dungeon, and saw 4 of its levels.

You collected 8 gold pieces.

Inventory:

Armour
 a - a +0 robe (worn)
Magical Staves
 b - a staff of death (weapon)


   Skills:
 + Level 2.6 Dodging
 - Level 1.4 Stealth
 + Level 3.0 Spellcasting
 + Level 1.3 Conjurations
 + Level 4.4 Fire Magic


You had 5 spell levels left.
You knew the following spells:

 Your Spells              Type           Power      Damage    Failure   Level
a - Foxfire               Conj/Fire      52%        2x1d6     4%          1
b - Scorch                Fire           38%        2d6       3%          2

Your spell library contained the following spells:

 Spells                   Type           Power      Damage    Failure   Level
 Conjure Flame            Conj/Fire      13%        6-21      14%         3
 Inner Flame              Hex/Fire       11%        N/A       19%         3
 Flame Wave               Conj/Fire      13%        2d6       43%         4


Dungeon Overview and Level Annotations

Branches:
Dungeon (4/15) Zot: 2143
 Temple: D:4-7

Altars:


Innate Abilities, Weirdness & Mutations

You passively map a small area around you.
You are easily found by Zot.
You glow in the dark.
You regain HP and MP as you explore.


Message History

You bump into the rock wall.
The orc priest is no longer more vulnerable to fire.
The orc priest hits you with a +0 dagger.
You hear some strange, mumbled words.
A puff of flame appears from out of thin air!
The puff of flame misses you.
You're too confused to cast spells.
Sorry, you're not good enough to have a special ability.
You aren't carrying any potions.
Saving game... please wait.
Welcome back, hawla the Meteoran Fire Elementalist.
Press ? for a list of commands and other information.
You're too confused to cast spells.
Sorry, you're not good enough to have a special ability.
You aren't carrying any potions.
You hit the orc.
The orc is moderately wounded.
The orc misses you.
The orc priest hits you with a +0 dagger.
You bump into the rock wall.
The orc barely misses you.
The orc priest calls down the wrath of Beogh upon you.
Beogh smites you!
You hear some strange, mumbled words.
A magic dart appears from out of thin air!
Deactivating autopickup; reactivate with Ctrl-A.
The magic dart hits you!
* * * LOW HITPOINT WARNING * * *
You feel less confused. The orc attacks as you move away!
The orc hits you with a +0 short sword.
* * * LOW HITPOINT WARNING * * *
The orc priest mumbles some strange prayers to Beogh against you.
Beogh smites you!
* * * LOW HITPOINT WARNING * * *
The orc attacks as you move away! The orc closely misses you.
The orc attacks as you move away! The orc misses you.
The orc attacks as you move away! The orc hits you with a +0 short sword.
* * * LOW HITPOINT WARNING * * *
A magic dart appears from out of thin air!
The magic dart hits you.
You die...

#####..#.# #........
##...#..#.###.....##. *
##.................#
##.......{#.#[###.#.#
#.........#...........
*
#........o###.###.###.#
#.........# #.#*#+#* .#
, * ##....o..####.# , #
* ##...@.......#
##....######. ##....# *
, ,....... , #.#...###
,, , * #....## , , ** *
##.### * .* * ,*


You could see an orc priest and an orc.

Vanquished Creatures
  An adder (D:2)
  An orc (D:4)
  An endoplasm (D:1)
  A hobgoblin (D:1)
  A kobold (D:1)
  A quokka (D:1)
  2 ball pythons
  A bat (D:2)
  A rat (D:1)
10 creatures vanquished.

Vanquished Creatures (others)
  23 foxfires
23 creatures vanquished.

Grand Total: 33 creatures vanquished

Notes
Turn   | Place    | Note
-------+----------+-------------------------------------------
     0 | D:1      | hawla the Meteoran Fire Elementalist began the quest for
                  | the Orb.
     0 | D:1      | Reached XP level 1. HP: 14/14 MP: 5/5
    41 | D:1      | Reached skill level 4 in Fire Magic
    41 | D:1      | Reached XP level 2. HP: 15/20 MP: 4/6
    44 | D:1      | Learned a level 2 spell: Scorch
   108 | D:2      | Reached XP level 3. HP: 21/26 MP: 3/8
   256 | D:4      | HP: 1/26 [orc/+0 short sword (3)]
   256 | D:4      | Killed from afar by an orc wizard

Illustrated notes

Levels and vault maps discovered:
D:1:      reono_arrival_mine, layout_loops_corners,
          shapermc_ecumenical_altar_rom_forum, nicolae_figureground_pulse
D:2:      layout_basic, uniq_sigmund
D:3:      layout_loops_corners, serial_undead, serial_undead_f, serial_undead_b,
          serial_undead_b, serial_undead_e, serial_undead_d, serial_undead_c,
          uniq_ijyb, uniq_robin
D:4:      layout_loops_corners

Skill      XL: |  1  2 |
---------------+-------+-----
Fire Magic     | 4 |  4.4
Spellcasting   | 3 |  3.0
Dodging        | |  2.6
Stealth        | |  1.4
Conjurations   | |  1.3

Action                   || total
-------------------------++-------
Melee: Unarmed           ||     5
       Staff             ||     2
 Cast: Foxfire           ||    16
       Scorch            ||     2
  Use: Potion            ||     1
Armor: Robe              ||     5
Dodge: Dodged            ||     9
